 Dungeon Crawl Stone Soup version 0.22-a0-866-geee5034 (webtiles) character file.

18 VLARC the Grasshopper (level 2, 0/15 HPs)
             Began as a Vine Stalker Warper on July 28, 2018.
             Slain by an ooze (2 damage)
             ... on level 3 of the Dungeon.
             The game lasted 00:01:48 (1014 turns).

VLARC the Grasshopper (Vine Stalker Warper)         Turns: 1014, Time: 00:01:48

Health: 0/15       AC:  3    Str: 13    XL:     2   Next: 66%
Magic:  0/6        EV: 14    Int: 13    God:
Gold:   104        SH: 10    Dex: 18    Spells: 3/5 levels left

rFire    . . .     SeeInvis .   a - +0 falchion
rCold    . . .     Gourm    .   g - +2 shield
rNeg     . . .     Faith    .   b - +0 leather armour
rPois    .         Spirit   +   (no helmet)
rElec    .         Reflect  .   (no cloak)
rCorr    .         Harm     .   (no gloves)
MR       .....                  (no boots)
Stlth    ++........             (no amulet)
HPRegen  0.05/turn              (no ring)
MPRegen  0.10/turn              (no ring)

@: agile, lethally poisoned (0 -> -4)
A: fangs 2, magic shield, antimagic bite, no potion heal 3, rot immunity
a: no special abilities


You were on level 3 of the Dungeon.
You were not hungry.

You visited 1 branch of the dungeon, and saw 3 of its levels.

You collected 104 gold pieces.

Inventory:

Hand Weapons
 a - a +0 falchion (weapon)
Missiles
 e - 2 tomahawks of dispersal (quivered)
Armour
 b - a +0 leather armour (worn)
 g - a +2 shield (worn)
 i - a +0 plate armour
Scrolls
 d - a scroll of blinking
 h - 2 scrolls of magic mapping {unknown}
 k - a scroll of teleportation {unknown}
 l - a scroll of immolation {unknown}
Potions
 c - 2 potions of agility
 j - 3 potions of degeneration {unknown}
Comestibles
 f - a ration


   Skills:
 + Level 2.2 Fighting
 + Level 2.2 Long Blades
 - Level 0.8 Throwing
 - Level 0.7 Armour
 - Level 1.5 Dodging
 + Level 1.0 Shields
 - Level 2.1 Spellcasting
 - Level 3.0 Translocations


You had 3 spell levels left.
You knew the following spells:

 Your Spells              Type           Power        Failure   Level  Hunger
a - Blink                 Tloc           N/A          65%         2    ###....

Your spell library contained the following spells:

 Spells                   Type           Power        Failure   Level  Hunger
 Teleport Other           Tloc           #.......     86%         3    ####...
 Passage of Golubria      Tloc           N/A          99%         4    #####..
 Shroud of Golubria       Chrm/Tloc      #.........   85%         2    ###....
 Gell's Gravitas          Tloc           #.........   86%         3    ####...
 Lesser Beckoning         Tloc           #.........   86%         3    ####...


Dungeon Overview and Level Annotations

Branches:
Dungeon (3/15)

Altars:

Annotations:
D:2 Sigmund


Innate Abilities, Weirdness & Mutations

You have extremely sharp teeth.
When hurt, damage is shared between your health and your magic reserves.
Your bite disrupts and absorbs the magic of your enemies.
Potions cannot restore your health.
You are immune to rotting.


Message History

The orc moves out of view.
Throwing (i - inventory)
e - 4 tomahawks of dispersal (quivered)
Press: ? - help, Shift-Dir - straight line, f - adder, p - ooze
Aim: an adder (moderately wounded)
You throw a tomahawk of dispersal.
The tomahawk of dispersal closely misses the adder.
You feel sick. The adder bites you. The adder bites you but does no damage.
Throwing (i - inventory)
e - 3 tomahawks of dispersal (quivered)
Press: ? - help, Shift-Dir - straight line, f/p - adder
Aim: an adder (moderately wounded)
You throw a tomahawk of dispersal.
The tomahawk of dispersal hits the adder.
The adder blinks!
The adder is severely wounded.
You feel sick. The ooze hits you.
* * * LOW HITPOINT WARNING * * *
It was a potion of agility.
You feel agile all of a sudden. The ooze hits you.
You die...

# #.# ####. #.#
.....# #.# #...##.#
##..#.# #.....# #####
#.#..##### #...#
...#...S..#####.#.##
#.>......J@.....#..#
#.##..###.....####.##
.. ##..
#####.####..### #.
##. #.........## # .
###........## .#
#..........#
#..........#
#..........#
#.†........#


You could see an ooze and an adder.

Vanquished Creatures
  A dart slug (D:3)
  A ball python (D:1)
  A bat (D:1)
  2 goblins
  3 hobgoblins
  A kobold (D:1)
  2 quokkas
  A frilled lizard (D:1)
  2 rats (D:2)
14 creatures vanquished.

Notes
Turn   | Place    | Note
-------+----------+-------------------------------------------
     0 | D:1      | VLARC the Vine Stalker Warper began the quest for the Orb.
     0 | D:1      | Reached XP level 1. HP: 11/11 MP: 4/4
   482 | D:1      | Reached XP level 2. HP: 15/15 MP: 3/6
   796 | D:2      | Learned a level 2 spell: Blink
   814 | D:2      | Noticed Sigmund
   983 | D:3      | Reached skill level 1 in Shields
  1014 | D:3      | Slain by an ooze

Vault maps used:
D:1:      saegor_arrival_simple_d
D:2:      uniq_sigmund

Skill      XL: |  1  2 |
---------------+-------+-----
Fighting       | 2 |  2.2
Long Blades    | 2 |  2.2
Shields        | 1 |  1.0
Throwing       | |  0.8
Armour         | |  0.7
Dodging        | |  1.5
Spellcasting   | |  2.1
Translocations | |  3.0

Action                   || total
-------------------------++-------
Melee: Falchion          ||    32
       Bite              ||    10
Throw: Tomahawk          ||     3
  Use: Scroll            ||     1
       Potion            ||     1
Armor: Leather armour    ||     9
Dodge: Dodged            ||    17
Block: Shield            ||    25
       Rpst.: Falchion   ||     5

Table legend:
 A = Spawn XP
 B = Non-spawn XP
 C = Spawn XP percentage of total XP
 D = Spawn monster count
 E = Non-spawn monster count
 F = Spawn count percentage of total count
 G = Total turns spent on level
                    A         B        C        D         E        F      G
               +---------+---------+-------+---------+---------+-------+---------
         Total |       0 |      26 |   0.0 |       0 |      14 |   0.0 |  1014
               +---------+---------+-------+---------+---------+-------+---------
           D:1 |       0 |      13 |   0.0 |       0 |       7 |   0.0 |   826
           D:2 |       0 |       5 |   0.0 |       0 |       4 |   0.0 |    80
           D:3 |       0 |       8 |   0.0 |       0 |       3 |   0.0 |   108
               +---------+---------+-------+---------+---------+-------+---------
